[Event "Titled Tuesday Blitz January 17 Late 2023"]
[White "Haszon, David"]
[Black "Souza, Gustavo Horokoski De"]
[WhiteFideId "733610"]
[BlackFideId "2146584"]
[WhiteElo "2264"]
[BlackElo "1943"]
[Result "1-0"]
[Round "02"]
[TimeControl "180+2"]
[Date "2023.01.17"]
[WhiteClock "0:00:40"]
[BlackClock "0:00:03"]

1. e4 e6 2. d4 d5 3. Nd2 Nc6 4. Ngf3 Nf6 5. e5 Nd7 6. Bd3 f6 7. Ng5 Ndxe5 8. dxe5 fxg5 9. Qh5+ Kd7 10. Nf3 Be7 11. Bxg5 h6 12. Bd2 Nb4 13. Bxb4 Bxb4+ 14. c3 Bf8 15. O-O-O b6 16. c4 c6 17. Kb1 Kc7 18. cxd5 exd5 19. Rc1 Bc5 20. a3 Be6 21. b4 Be7 22. Nd4 Bd7 23. Nxc6 Bxc6 24. b5 Rc8 25. Rxc6+ Kb7 26. Rhc1 Qd7 27. Qe2 Bxa3 28. R1c2 Bc5 29. Rg6 Rhe8 30. f4 Bd4 31. Rgc6 Bc5 32. Rg6 Qf7 33. Qg4 d4 34. Rxg7 1-0


[Site "https://www.chess.com"]

[Event "Titled Tuesday Blitz January 17 Late 2023"]
[White "Lacasa Diaz, Jose Antonio"]
[Black "Adithya A Chullikkad"]
[WhiteFideId "2203375"]
[BlackFideId "45078734"]
[WhiteElo "2359"]
[BlackElo "2259"]
[Result "1-0"]
[Round "02"]
[TimeControl "180+2"]
[Date "2023.01.17"]
[WhiteClock "0:02:22"]
[BlackClock "0:02:13"]

1. e4 c5 2. Nf3 d6 3. d4 cxd4 4. Nxd4 Nf6 5. Nc3 a6 6. Be3 e5 7. Nb3 Be6 8. Qd2 Be7 9. O-O-O b5 10. f4 O-O 11. f5 Bc8 12. g4 Bb7 13. Bd3 Nxg4 14. Rhg1 Nxe3 15. Qxe3 h6 16. Qxh6 Bf6 17. Rxg7+ Bxg7 18. Rg1 1-0


[Site "https://www.chess.com"]

[Event "Titled Tuesday Blitz January 17 Late 2023"]
[White "Marin Masis, Jose Esteban"]
[Black "Rottenwohrer Suarez, Juan"]
[WhiteFideId "6508146"]
[BlackFideId "32068182"]
[WhiteElo "1938"]
[BlackElo "2265"]
[Result "1-0"]
[Round "02"]
[TimeControl "180+2"]
[Date "2023.01.17"]
[WhiteClock "0:01:36"]
[BlackClock "0:01:01"]

1. e4 b6 2. d4 Bb7 3. Nc3 e6 4. Nf3 Bb4 5. Bd3 Nf6 6. Qe2 c5 7. a3 Ba5 8. dxc5 bxc5 9. O-O O-O 10. e5 Bxc3 11. bxc3 Bxf3 12. Qxf3 Nd5 13. c4 Nb6 14. Qh5 g6 15. Qh6 f6 16. Bxg6 Qe7 17. Be4 Nc6 18. exf6 Qxf6 19. Qxh7# 1-0


[Site "https://www.chess.com"]

[Event "Titled Tuesday Blitz January 17 Late 2023"]
[White "Dudzinski, Pawel"]
[Black "Coe, William"]
[WhiteFideId "1117890"]
[BlackFideId "30913624"]
[WhiteElo "2186"]
[BlackElo "2078"]
[Result "1-0"]
[Round "02"]
[TimeControl "180+2"]
[Date "2023.01.17"]
[WhiteClock "0:00:48"]
[BlackClock "0:00:12"]

1. e4 c5 2. Nc3 Nc6 3. g3 e6 4. Bg2 a6 5. a4 b6 6. Nge2 Bb7 7. O-O Nge7 8. h3 Ng6 9. f4 Be7 10. Kh2 h5 11. d4 cxd4 12. Nxd4 Nxd4 13. Qxd4 Kf8 14. f5 Bc5 15. Qd1 Ne5 16. Bf4 Nc4 17. b3 Ne3 18. Bxe3 Bxe3 19. fxe6 dxe6 20. Qf3 Qc7 21. Qxe3 Rc8 22. Nd1 Qxc2 23. Qxb6 Ba8 24. Qxe6 Qc7 25. Rc1 1-0


[Site "https://www.chess.com"]

[Event "Titled Tuesday Blitz January 17 Late 2023"]
[White "Djordjevic, Dejan N"]
[Black "Gurevich, Dmitry"]
[WhiteFideId "913316"]
[BlackFideId "2000407"]
[WhiteElo "2167"]
[BlackElo "2393"]
[Result "0-1"]
[Round "02"]
[TimeControl "180+2"]
[Date "2023.01.17"]
[WhiteClock "0:00:09"]
[BlackClock "0:00:52"]

1. e3 d5 2. d4 Nf6 3. Nf3 g6 4. c4 Bg7 5. Nc3 O-O 6. Be2 c5 7. dxc5 Qa5 8. cxd5 Nxd5 9. Qxd5 Bxc3+ 10. Bd2 Bxd2+ 11. Qxd2 Qxc5 12. O-O Nc6 13. Rac1 Qb6 14. a3 a5 15. Qc3 Bf5 16. Bc4 Rac8 17. b3 Nd8 18. Qd4 Qxd4 19. Nxd4 Bd7 20. Rfd1 Nc6 21. Nf3 Bg4 22. Bd5 e6 23. Bxc6 Rxc6 24. Rxc6 bxc6 25. Rc1 Bxf3 26. gxf3 Rb8 27. Rc3 Kf8 28. Kf1 Ke7 29. Ke2 Kd6 30. Kd3 Rb5 31. Kd4 Rd5+ 32. Ke4 Rh5 33. Rd3+ Kc7 34. f4 f6 35. b4 axb4 36. axb4 Rxh2 37. Kf3 Rh5 38. Ra3 Rb5 39. Ra7+ Rb7 40. Ra4 Kd6 41. Ke4 h5 42. Kd4 h4 43. e4 e5+ 44. fxe5+ fxe5+ 45. Kc4 h3 0-1


[Site "https://www.chess.com"]

[Event "Titled Tuesday Blitz January 17 Late 2023"]
[White "Remolar Gallen, Jose"]
[Black "Lindholt, Malik"]
[WhiteFideId "2215187"]
[BlackFideId "1404490"]
[WhiteElo "2285"]
[BlackElo "2177"]
[Result "1-0"]
[Round "02"]
[TimeControl "180+2"]
[Date "2023.01.17"]
[WhiteClock "0:00:07"]
[BlackClock "0:00:43"]

1. d4 Nf6 2. c4 g6 3. Nc3 Bg7 4. e4 d6 5. f3 O-O 6. Be3 Nc6 7. Nge2 a6 8. Qd2 Rb8 9. Ng3 e5 10. d5 Ne7 11. Bh6 Nd7 12. Bd3 f5 13. exf5 Nxf5 14. Bxg7 Kxg7 15. O-O-O Nc5 16. Bxf5 Bxf5 17. Nce4 b5 18. Nxf5+ gxf5 19. Nxc5 dxc5 20. Rhe1 Qf6 21. d6 Rbd8 22. d7 bxc4 23. Qd5 c3 24. Rxe5 cxb2+ 25. Kb1 Rf7 26. g4 Rdxd7 27. Qxd7 Qxe5 28. Qd3 fxg4 29. Rg1 Qf5 30. Rxg4+ Kf8 31. Re4 Qxf3 32. Qd8+ Kg7 33. Qg5+ Kf8 34. Qh6+ Rg7 35. Rf4+ Qxf4 36. Qxf4+ Kg8 37. Qc4+ 1-0


[Site "https://www.chess.com"]

[Event "Titled Tuesday Blitz January 17 Late 2023"]
[White "Stead, Kerry"]
[Black "Miszler, Levente"]
[WhiteFideId "3202577"]
[BlackFideId "763276"]
[WhiteElo "1908"]
[BlackElo "2271"]
[Result "1-0"]
[Round "02"]
[TimeControl "180+2"]
[Date "2023.01.17"]
[WhiteClock "0:01:27"]
[BlackClock "0:02:10"]

1. d4 d5 2. e4 e6 3. Be3 dxe4 4. Nd2 f5 5. f3 exf3 6. Ngxf3 Nf6 7. Bc4 Bd6 8. Qe2 Qe7 9. O-O-O a6 10. c3 b5 11. Bb3 Bb7 12. Rhe1 Nbd7 13. h3 O-O-O 14. Bg5 Ne4 15. Bxe7 Bxe7 16. Nxe4 Bxe4 17. Bc2 Bd5 18. Kb1 Nf6 19. Bxf5 exf5 20. Qxe7 Rhg8 21. Qa3 Kb7 22. Re5 Be4+ 23. Ka1 Nd5 24. Re1 Nb6 25. Re7 Nc4 26. Qc5 Rd6 27. Qxc7+ 1-0


[Site "https://www.chess.com"]

[Event "Titled Tuesday Blitz January 17 Late 2023"]
[White "Rego, Pedro Filipe"]
[Black "Arbunic Castro, Giovanna"]
[WhiteFideId "1904310"]
[BlackFideId "3400549"]
[WhiteElo "2312"]
[BlackElo "1930"]
[Result "1-0"]
[Round "02"]
[TimeControl "180+2"]
[Date "2023.01.17"]
[WhiteClock "0:00:54"]
[BlackClock "0:00:17"]

1. c4 Nf6 2. Nc3 g6 3. g3 Bg7 4. Bg2 O-O 5. Nf3 c6 6. b3 d5 7. O-O d4 8. Nb1 c5 9. d3 Nc6 10. a3 a5 11. Ra2 e5 12. e3 Bg4 13. e4 Qd7 14. Nbd2 Nh5 15. Qc2 f5 16. exf5 Qxf5 17. Nh4 Qd7 18. Ne4 b6 19. Bd2 Rae8 20. b4 axb4 21. axb4 Nxb4 22. Bxb4 cxb4 23. Qb3 Bf6 24. Nxf6+ Rxf6 25. Qxb4 g5 26. Bd5+ Kh8 27. Ng2 Nf4 28. gxf4 gxf4 29. f3 Bh3 30. Qb5 Qg7 31. Qxe8+ Rf8 32. Qxf8+ Qxf8 33. Ra8 Qxa8 34. Bxa8 1-0


[Site "https://www.chess.com"]

[Event "Titled Tuesday Blitz January 17 Late 2023"]
[White "Nakamura, Hikaru"]
[Black "Makridis, Dimitrios"]
[WhiteFideId "2016192"]
[BlackFideId "25864475"]
[WhiteElo "2775"]
[BlackElo "2356"]
[Result "1-0"]
[Round "03"]
[TimeControl "180+2"]
[Date "2023.01.17"]
[WhiteClock "0:00:15"]
[BlackClock "0:00:04"]

1. Nf3 Nf6 2. g3 d5 3. Bg2 g6 4. d4 Bg7 5. O-O O-O 6. c4 dxc4 7. Na3 c5 8. Nxc4 Nbd7 9. d5 Nb6 10. Nxb6 axb6 11. Ne1 e6 12. d6 Ne8 13. Qc2 Nxd6 14. Nf3 Qe7 15. Rd1 Nf5 16. Bg5 f6 17. Bd2 e5 18. e3 Be6 19. b3 Bf7 20. Bc3 Rfd8 21. Nd2 Nd6 22. a4 f5 23. e4 fxe4 24. Nxe4 Nf5 25. Rxd8+ Rxd8 26. Qb2 Nd4 27. b4 Nb3 28. Rb1 cxb4 29. Be1 Rd4 30. h4 h6 31. Qc2 Qe6 32. Qc7 Qf5 33. Qxb7 Nc5 34. Qb8+ Kh7 35. f3 b3 36. Qxb6 Nxa4 37. Qa5 Qd7 38. Kh2 b2 39. Bc3 Rd1 40. Rxb2 Nxb2 41. Bxb2 Bd5 42. Nf2 Rb1 43. Qd2 Be6 44. Qe2 Bf5 45. g4 Be6 46. Bxe5 Bxe5+ 47. Qxe5 Rb7 48. Ne4 Qc7 49. Qxc7+ Rxc7 50. Kg3 Kg7 51. Bf1 Bd5 52. Nd6 Rd7 53. Nb5 Bc6 54. Na3 Rd4 55. Be2 Ra4 56. Nb1 Rb4 57. Nc3 Rb3 58. Nd1 g5 59. h5 Kf6 60. Kf2 Bb5 61. Bxb5 Rxb5 62. Ne3 Rb2+ 63. Kg3 Rb3 64. Nf5 Ra3 65. Nxh6 Ke5 66. Nf5 Kf6 67. Nd6 Ke6 68. Ne4 Ra5 69. Kf2 Kf7 70. Ke3 Kg7 71. Kd4 Kh6 72. Nd6 Ra4+ 73. Ke5 Rf4 74. Nf5+ Kh7 75. Nd4 Kh6 76. Kd5 Kh7 77. Ne6 Ra4 78. Nxg5+ Kh6 79. Ne6 Ra3 80. Ke4 Ra4+ 81. Kf5 Ra5+ 82. Kf6 Ra3 83. f4 Ra4 84. Ke5 Ra5+ 85. Ke4 Ra4+ 86. Nd4 Rb4 87. Ke3 Ra4 88. Kd3 Ra3+ 89. Ke4 Ra4 90. Kd5 Ra5+ 91. Kd6 Ra4 92. Nf5+ Kh7 93. Ke5 Ra5+ 94. Kf6 Ra6+ 95. Kg5 Ra5 96. h6 Ra4 97. Ng3 Ra5+ 98. f5 Ra6 99. f6 Ra5+ 100. Nf5 Ra7 101. Kh5 Kg8 102. Kg6 Rb7 103. Ne7+ Kh8 104. g5 Rb6 105. Kf7 Rb8 106. Ng6+ Kh7 107. Nf8+ Kh8 108. Nd7 Rd8 109. Ke6 Re8+ 110. Kf5 Rd8 111. Ne5 Rd5 112. g6 Kg8 113. f7+ Kf8 114. g7+ Ke7 115. f8=Q# 1-0


[Site "https://www.chess.com"]

[Event "Titled Tuesday Blitz January 17 Late 2023"]
[White "Mahdavi, Reza"]
[Black "Artemiev, Vladislav"]
[WhiteFideId "12595926"]
[BlackFideId "24101605"]
[WhiteElo "2339"]
[BlackElo "2701"]
[Result "1-0"]
[Round "03"]
[TimeControl "180+2"]
[Date "2023.01.17"]
[WhiteClock "0:01:44"]
[BlackClock "0:00:01"]

1. e4 e5 2. Nf3 Nc6 3. Nc3 Nf6 4. d4 exd4 5. Nxd4 Bb4 6. Nxc6 bxc6 7. Bd3 O-O 8. O-O d5 9. Bd2 Rb8 10. Re1 Bg4 11. Qc1 Re8 12. exd5 Rxe1+ 13. Qxe1 cxd5 14. a3 Bf8 15. b4 Qd7 16. Bf4 Nh5 17. Bg5 h6 18. Bh4 g5 19. Bg3 Bg7 20. Rb1 Nxg3 21. hxg3 Re8 22. Qd2 c6 23. Na4 Qe7 24. Nc5 Bc8 25. a4 h5 26. c4 dxc4 27. Bxc4 h4 28. gxh4 gxh4 29. Nd3 Qf6 30. Re1 Rxe1+ 31. Qxe1 Qd8 32. Qe4 1-0


[Site "https://www.chess.com"]

[Event "Titled Tuesday Blitz January 17 Late 2023"]
[White "Tatarinov, Dmitry"]
[Black "Andreikin, Dmitry"]
[WhiteFideId "24160067"]
[BlackFideId "4158814"]
[WhiteElo "2310"]
[BlackElo "2729"]
[Result "0-1"]
[Round "03"]
[TimeControl "180+2"]
[Date "2023.01.17"]
[WhiteClock "0:02:02"]
[BlackClock "0:02:12"]

1. d4 d5 2. Nf3 Nf6 3. c4 e6 4. g3 Bb4+ 5. Bd2 Be7 6. Bg2 O-O 7. O-O Nbd7 8. Qc2 c6 9. a4 Ne4 10. Nc3 Nxd2 11. Nxd2 f5 12. a5 a6 13. e3 Nf6 14. Nf3 Bd7 15. Ne5 g5 16. b4 Be8 17. b5 axb5 18. cxb5 cxb5 19. Qb1 b4 20. Na4 Qxa5 21. Nc5 Qxa1 22. Qxa1 Rxa1 23. Rxa1 Bxc5 24. dxc5 Bb5 25. Rb1 Ra8 26. h3 Ra4 27. Bf3 Nd7 28. Bd1 Nxe5 29. Bxa4 Bxa4 30. Rxb4 Bc6 0-1


[Site "https://www.chess.com"]

[Event "Titled Tuesday Blitz January 17 Late 2023"]
[White "Sarana, Alexey"]
[Black "Jaracz, Pawel"]
[WhiteFideId "24133795"]
[BlackFideId "1102222"]
[WhiteElo "2685"]
[BlackElo "2467"]
[Result "1-0"]
[Round "03"]
[TimeControl "180+2"]
[Date "2023.01.17"]
[WhiteClock "0:02:27"]
[BlackClock "0:01:24"]

1. c4 c6 2. Nf3 d5 3. d4 Nf6 4. Nc3 dxc4 5. a4 Bf5 6. Ne5 Nbd7 7. Nxc4 Nb6 8. Ne5 a5 9. e3 e6 10. g4 Be4 11. f3 Bg6 12. h4 Bd6 13. h5 Bxe5 14. dxe5 Qxd1+ 15. Nxd1 Nfd7 16. hxg6 Nxe5 17. Rxh7 O-O-O 18. Rxh8 Rxh8 19. gxf7 Nxf3+ 20. Kf2 Ng5 21. Bg2 Nc4 22. b3 Ne5 23. Kg3 Nd3 24. Nf2 Nxc1 25. Rxc1 Nxf7 26. Rc5 Kc7 27. Rxa5 g5 28. Rc5 1-0


[Site "https://www.chess.com"]

[Event "Titled Tuesday Blitz January 17 Late 2023"]
[White "Borges Feria, Yasel"]
[Black "Duda, Jan-Krzysztof"]
[WhiteFideId "3504921"]
[BlackFideId "1170546"]
[WhiteElo "2439"]
[BlackElo "2724"]
[Result "0-1"]
[Round "03"]
[TimeControl "180+2"]
[Date "2023.01.17"]
[WhiteClock "0:00:19"]
[BlackClock "0:00:08"]

1. d4 Nf6 2. c4 c5 3. d5 e6 4. Nc3 d6 5. h3 g6 6. e4 Bg7 7. Nf3 O-O 8. Bd3 exd5 9. exd5 Re8+ 10. Be3 Rxe3+ 11. fxe3 Qe7 12. O-O Nbd7 13. Qd2 Ne5 14. Nxe5 Qxe5 15. Rae1 Nd7 16. e4 Qe7 17. Kh1 Ne5 18. Be2 Bd7 19. a4 h5 20. Qf4 a6 21. a5 Rf8 22. Qd2 Kh7 23. Qf4 Rb8 24. Ra1 Be8 25. Qf2 Nd7 26. Bd3 Bd4 27. Qd2 Kg7 28. Ne2 Bf6 29. Ng1 b6 30. axb6 Rxb6 31. Rab1 Ne5 32. b3 Bd7 33. Nf3 Rb8 34. Nxe5 Bxe5 35. Bc2 g5 36. Qe3 g4 37. Rbe1 Qh4 38. Rd1 gxh3 39. g3 Qg4 40. Rd2 a5 41. Bd1 Qg6 42. Ra2 Kh7 43. Raf2 f6 44. Rf4 Bxf4 45. gxf4 Qg2# 0-1


[Site "https://www.chess.com"]

[Event "Titled Tuesday Blitz January 17 Late 2023"]
[White "Paravyan, David"]
[Black "Nasuta, Grzegorz"]
[WhiteFideId "4194985"]
[BlackFideId "1141686"]
[WhiteElo "2601"]
[BlackElo "2552"]
[Result "0-1"]
[Round "03"]
[TimeControl "180+2"]
[Date "2023.01.17"]
[WhiteClock "0:00:01"]
[BlackClock "0:00:24"]

1. e4 c5 2. Nf3 d6 3. d4 cxd4 4. Nxd4 Nf6 5. Nc3 a6 6. h3 e6 7. g4 h6 8. Bg2 Be7 9. b3 Qc7 10. Bb2 Nc6 11. Nxc6 bxc6 12. Qd2 e5 13. O-O-O O-O 14. Kb1 Rd8 15. f4 Nd7 16. g5 hxg5 17. fxg5 Nf8 18. h4 Bg4 19. Rdg1 Bh5 20. Ne2 Ne6 21. Ng3 Bg4 22. Nf5 Bh5 23. Bh3 Nf4 24. Nxg7 Bf3 25. g6 Bxh1 26. gxf7+ Kxf7 27. Qxf4+ exf4 28. Be6+ Kf8 29. Nf5 Bg5 30. Rxg5 Qh7 31. Bg7+ Ke8 32. Bf6 Bxe4 33. Ng7+ Kf8 34. Kb2 f3 35. h5 f2 36. Bc4 d5 37. Bf1 Kf7 38. Bc3 d4 39. Bc4+ Bd5 40. Bxd5+ Rxd5 0-1


[Site "https://www.chess.com"]

[Event "Titled Tuesday Blitz January 17 Late 2023"]
[White "Tanenbaum, Zachary"]
[Black "Bluebaum, Matthias"]
[WhiteFideId "2060850"]
[BlackFideId "24651516"]
[WhiteElo "2261"]
[BlackElo "2669"]
[Result "0-1"]
[Round "03"]
[TimeControl "180+2"]
[Date "2023.01.17"]
[WhiteClock "0:00:01"]
[BlackClock "0:00:35"]

1. e4 e6 2. d4 d5 3. Nc3 Nf6 4. Bg5 dxe4 5. Nxe4 Be7 6. Bxf6 gxf6 7. Nf3 f5 8. Nc3 a6 9. Qe2 b5 10. O-O-O b4 11. Na4 Qd5 12. c4 Qa5 13. b3 Bd7 14. d5 Bxa4 15. bxa4 Qxa4 16. dxe6 b3 17. axb3 Qa1+ 18. Kc2 Qa2+ 19. Kc3 Bf6+ 20. Nd4 Qxe2 21. exf7+ Kxf7 22. Bxe2 c5 23. Bh5+ Kg7 24. b4 Bxd4+ 25. Kc2 Nc6 26. bxc5 Rhd8 27. Bf3 Rac8 28. Bxc6 Rxc6 29. Rd3 Rxc5 30. Rhd1 Rxc4+ 31. Kb3 Rdc8 32. Rxd4 Rc3+ 33. Kb4 Rc2 34. R1d2 Rb8+ 35. Ka3 Rc3+ 36. Ka2 Rb6 37. Rd7+ Kg6 38. R7d6+ Rxd6 39. Rxd6+ Kg5 40. Kb2 Rc5 41. Rxa6 Re5 42. Rc6 Re1 43. Rc2 Rh1 44. g3 Kg4 45. h4 Rf1 46. Kc3 Kf3 0-1


[Site "https://www.chess.com"]

[Event "Titled Tuesday Blitz January 17 Late 2023"]
[White "Chigaev, Maksim"]
[Black "Sokolovsky, Yahli"]
[WhiteFideId "4108116"]
[BlackFideId "2820242"]
[WhiteElo "2628"]
[BlackElo "2461"]
[Result "1-0"]
[Round "03"]
[TimeControl "180+2"]
[Date "2023.01.17"]
[WhiteClock "0:00:24"]
[BlackClock "0:00:28"]

1. e4 d6 2. d4 g6 3. Nc3 Bg7 4. Be3 a6 5. f3 b5 6. h4 h5 7. Qd2 Nd7 8. Nh3 Bb7 9. Ng5 Rc8 10. O-O-O c5 11. Kb1 Ngf6 12. dxc5 Nxc5 13. e5 b4 14. exf6 exf6 15. Bxc5 O-O 16. Nxf7 bxc3 17. Nxd8 cxd2 18. Nxb7 dxc5 19. Bc4+ Kh7 20. Rxd2 Rc7 21. Na5 Re8 22. Nb3 Rce7 23. a3 f5 24. Bxa6 Bh6 25. Rdd1 Re5 26. Bc4 R8e7 27. a4 Be3 28. a5 f4 29. c3 Rf5 30. Rd6 Bf2 31. Bd3 Rfe5 32. Bxg6+ Kg7 33. Be4 c4 34. Nd2 Rxa5 35. Nxc4 Ra4 36. Nb6 Ra6 37. Nc8 Rea7 38. Rxa6 Rxa6 39. Rd1 Bc5 40. Rd5 Bf8 41. Rg5+ Kf7 42. Rxh5 Ke8 43. Rb5 Rh6 44. h5 Kd7 45. Nb6+ Ke6 46. Nd5 Bd6 47. b4 Rh8 48. Kc2 Kf7 49. Nb6 Ke6 50. Nc4 Be7 51. Kb3 Bf6 52. Rb6+ Ke7 53. Nd6 Ke6 54. Bg6 Ra8 55. Ne4+ Ke5 56. Rxf6 Rc8 57. Rf5+ Ke6 58. Rc5 Rd8 59. Bf5+ Ke7 60. h6 Kf7 61. h7 Kg7 62. Rc7+ Kh8 63. Rc8 1-0


[Site "https://www.chess.com"]

[Event "Titled Tuesday Blitz January 17 Late 2023"]
[White "Djordjevic, Vuk"]
[Black "Eljanov, Pavel"]
[WhiteFideId "902098"]
[BlackFideId "14102951"]
[WhiteElo "2375"]
[BlackElo "2705"]
[Result "0-1"]
[Round "03"]
[TimeControl "180+2"]
[Date "2023.01.17"]
[WhiteClock "0:00:17"]
[BlackClock "0:00:49"]

1. d4 Nf6 2. Bg5 d5 3. Bxf6 exf6 4. e3 Bd6 5. c4 dxc4 6. Bxc4 O-O 7. Nc3 c5 8. dxc5 Bxc5 9. Qc2 Nc6 10. a3 Ne5 11. Rd1 Qa5 12. Ba2 Bg4 13. Ne2 Bxe2 14. Qxe2 Bxa3 15. Rd5 Qc7 16. O-O Bb4 17. Ne4 Rad8 18. f4 Rxd5 19. Bxd5 Ng6 20. Qb5 Ba5 21. Qb3 Bb6 22. g3 Ne7 23. Bc4 Nf5 24. Re1 Nxe3 25. Kh1 0-1


[Site "https://www.chess.com"]

[Event "Titled Tuesday Blitz January 17 Late 2023"]
[White "Sadhwani, Raunak"]
[Black "Leitao, Rafael"]
[WhiteFideId "35093487"]
[BlackFideId "2101246"]
[WhiteElo "2627"]
[BlackElo "2592"]
[Result "1-0"]
[Round "03"]
[TimeControl "180+2"]
[Date "2023.01.17"]
[WhiteClock "0:00:17"]
[BlackClock "0:00:07"]

1. c4 Nf6 2. Nc3 g6 3. e4 d6 4. d4 Bg7 5. Nf3 O-O 6. Be2 e5 7. O-O Nbd7 8. Be3 Qe7 9. Qc2 c6 10. d5 c5 11. Kh1 h6 12. h3 Kh8 13. g4 Nh7 14. Rg1 Ndf6 15. Qd2 Ng8 16. Rg3 f5 17. gxf5 gxf5 18. exf5 Bxf5 19. Rag1 Rf7 20. Nh2 e4 21. Bh5 Raf8 22. Bxf7 Rxf7 23. Ne2 Ngf6 24. Nf4 Ng5 25. Qd1 Nf3 26. Nxf3 exf3 27. Ng6+ Bxg6 28. Rxg6 Ne4 29. R1g4 h5 30. Re6 hxg4 31. Rxe7 Rxe7 32. hxg4 Rf7 33. Qd3 Re7 34. b3 Bh6 35. Kg1 Bg7 36. Qf1 Kg8 37. Qh3 Rf7 38. g5 Bd4 39. Qe6 Bxe3 40. g6 Bxf2+ 41. Kf1 1-0


[Site "https://www.chess.com"]

[Event "Titled Tuesday Blitz January 17 Late 2023"]
[White "Timmermans, Mark"]
[Black "Jobava, Baadur"]
[WhiteFideId "1026399"]
[BlackFideId "13601520"]
[WhiteElo "2392"]
[BlackElo "2578"]
[Result "0-1"]
[Round "03"]
[TimeControl "180+2"]
[Date "2023.01.17"]
[WhiteClock "0:00:56"]
[BlackClock "0:00:14"]

1. e4 c6 2. Nf3 d5 3. exd5 cxd5 4. Ne5 a6 5. d4 Bf5 6. Nc3 Nc6 7. Nxc6 bxc6 8. Bd3 Bg6 9. O-O e6 10. Na4 Bd6 11. c3 Ne7 12. Qf3 O-O 13. Rd1 f6 14. Qh3 e5 15. dxe5 fxe5 16. Bg5 e4 17. Be2 Qc7 18. c4 Bf5 19. Bg4 Bxg4 20. Qxg4 Bxh2+ 21. Kh1 Bf4 22. Bxe7 Qxe7 23. cxd5 cxd5 24. Rxd5 Rae8 25. Nc3 e3 26. fxe3 Qxe3 27. Rf1 Bb8 28. Rdf5 Qh6+ 29. Qh3 Rxf5 0-1


[Site "https://www.chess.com"]

[Event "Titled Tuesday Blitz January 17 Late 2023"]
[White "Wieczorek, Oskar"]
[Black "Zierk, Steven"]
[WhiteFideId "1133950"]
[BlackFideId "2034255"]
[WhiteElo "2512"]
[BlackElo "2488"]
[Result "1/2-1/2"]
[Round "03"]
[TimeControl "180+2"]
[Date "2023.01.17"]
[WhiteClock "0:00:23"]
[BlackClock "0:00:07"]

1. e4 e6 2. d4 d5 3. Nd2 c5 4. exd5 Qxd5 5. Ngf3 cxd4 6. g3 Nc6 7. Bg2 Qb5 8. a4 Qa6 9. Bf1 Qb6 10. Bg2 Bb4 11. O-O Nf6 12. Nb3 e5 13. a5 Qc7 14. c3 dxc3 15. bxc3 Be7 16. a6 O-O 17. Ba3 Rb8 18. axb7 Bxb7 19. Nc5 Bc8 20. Qa4 Nd5 21. Na6 Bxa6 22. Qxa6 e4 23. Nd4 Nxd4 24. cxd4 Rb6 25. Qa5 Bxa3 26. Rxa3 Nf6 27. Qxa7 Qxa7 28. Rxa7 Rd6 29. Rd1 Rfd8 30. Bf1 R6d7 31. Rxd7 Rxd7 32. Bc4 g5 33. Kf1 Kg7 34. h3 Rc7 35. Bb3 Rc3 36. Ba2 e3 37. fxe3 Rxe3 38. d5 Rxg3 39. d6 Rxh3 40. Bd5 Rh4 41. Bc6 Rf4+ 42. Kg2 Rc4 43. d7 Nxd7 44. Bxd7 Kg6 45. Bb5 Rc2+ 46. Kg3 f5 47. Rd6+ Kg7 48. Bd3 Rc3 49. Kf2 f4 50. Kf3 h5 51. Ke2 g4 52. Rg6+ Kf7 53. Rh6 f3+ 54. Ke3 f2 55. Kxf2 Rxd3 56. Rxh5 Kg6 57. Ra5 Rb3 58. Kg2 Kf6 59. Kf2 Rf3+ 60. Kg2 Kg6 61. Rb5 Rf5 62. Rxf5 Kxf5 63. Kg3 Kg5 64. Kg2 g3 65. Kxg3 1/2-1/2


[Site "https://www.chess.com"]

[Event "Titled Tuesday Blitz January 17 Late 2023"]
[White "Bazeev, German"]
[Black "Dominguez Perez, Leinier"]
[WhiteFideId "24119350"]
[BlackFideId "3503240"]
[WhiteElo "2369"]
[BlackElo "2739"]
[Result "0-1"]
[Round "03"]
[TimeControl "180+2"]
[Date "2023.01.17"]
[WhiteClock "0:00:05"]
[BlackClock "0:00:05"]

1. d4 d5 2. Nf3 c6 3. c4 dxc4 4. Qc2 b5 5. e4 Bb7 6. b3 cxb3 7. axb3 e6 8. Bd2 a5 9. Bd3 Nf6 10. O-O Be7 11. Rd1 h6 12. h3 Nbd7 13. Nc3 Rc8 14. e5 Nd5 15. Nxd5 cxd5 16. Qa2 b4 17. Qxa5 Qxa5 18. Rxa5 O-O 19. Bb5 Bc6 20. Bxc6 Rxc6 21. Ra7 Rd8 22. Rda1 Kf8 23. Ne1 Ke8 24. Kf1 Nb8 25. Ke2 Rb6 26. Be3 Nc6 27. Ra8 Rbb8 28. Rxb8 Rxb8 29. Nd3 h5 30. g3 g6 31. f4 Kd7 32. Kd2 Kc7 33. Ra2 Kb6 34. Ra1 Kb5 35. Rb1 Ra8 36. Kc2 Bd8 37. Ne1 Be7 38. Nf3 Ra2+ 39. Rb2 Ra3 40. Rb1 Ra8 41. Rb2 f5 42. exf6 Bxf6 43. g4 hxg4 44. hxg4 Rh8 45. Kd3 Rh3 46. Rf2 Na5 47. Kc2 Nc6 48. Kd3 Rg3 49. g5 Bg7 50. Ke2 Rh3 51. Kd3 Ne7 52. Ke2 Nf5 53. Kd3 Kb6 54. Ke2 Ng3+ 55. Kd3 Ne4 56. Rf1 Kb5 57. Ke2 Ng3+ 58. Kf2 Nxf1 59. Ne5 Nxe3 60. Nxg6 Ng4+ 61. Kg2 Rxb3 62. f5 exf5 63. Nf4 Bxd4 64. Nxd5 Kc4 65. Nc7 Be5 0-1


[Site "https://www.chess.com"]

[Event "Titled Tuesday Blitz January 17 Late 2023"]
[White "Tang, Andrew"]
[Black "Milikow, Yoav"]
[WhiteFideId "2059630"]
[BlackFideId "2822237"]
[WhiteElo "2523"]
[BlackElo "2394"]
[Result "1-0"]
[Round "03"]
[TimeControl "180+2"]
[Date "2023.01.17"]
[WhiteClock "0:00:13"]
[BlackClock "0:00:04"]

1. d4 Nf6 2. Nf3 d5 3. Bf4 c5 4. e3 Nc6 5. Nbd2 cxd4 6. exd4 Bf5 7. c3 e6 8. Nh4 Bg6 9. Nxg6 hxg6 10. Qb3 Qd7 11. Nf3 Nh5 12. Ne5 Qc7 13. Nxg6 Nxf4 14. Nxh8 g6 15. g3 Nh5 16. Bd3 O-O-O 17. O-O Bd6 18. Nxg6 fxg6 19. Bxg6 Nf4 20. Qc2 Rg8 21. Bd3 Qg7 22. Rfe1 Qh6 23. Bf1 Kb8 24. Re3 Rh8 25. h4 Rg8 26. Bg2 Nxg2 27. Kxg2 Ne7 28. Qe2 Qxh4 29. Rh1 Qg5 30. Rh5 Qg7 31. Rxe6 Bxg3 32. Rxe7 Qg6 33. Re6 Qg7 34. Re8+ 1-0


[Site "https://www.chess.com"]

[Event "Titled Tuesday Blitz January 17 Late 2023"]
[White "Oparin, Grigoriy"]
[Black "Iliaguev, Nisim"]
[WhiteFideId "24125890"]
[BlackFideId "2817276"]
[WhiteElo "2667"]
[BlackElo "2402"]
[Result "1/2-1/2"]
[Round "03"]
[TimeControl "180+2"]
[Date "2023.01.17"]
[WhiteClock "0:01:00"]
[BlackClock "0:00:35"]

1. e4 c6 2. Nc3 d5 3. Nf3 Bg4 4. h3 Bxf3 5. Qxf3 e6 6. Be2 Nf6 7. O-O dxe4 8. Nxe4 Nbd7 9. d4 Nxe4 10. Qxe4 Nf6 11. Qd3 Be7 12. Rd1 O-O 13. Bf3 Qc7 14. Qe2 Rad8 15. c3 c5 16. Be3 Nd5 17. Bxd5 Rxd5 18. dxc5 Bxc5 19. Rxd5 exd5 20. Bxc5 Qxc5 21. Rd1 Rd8 22. Rd4 g6 23. h4 h5 24. Qe5 b5 25. g3 Qc6 26. Kg2 a6 27. Qg5 Qd6 28. Kh2 Kg7 29. Rd2 Qf6 30. Qe3 Rd6 31. Kg2 Qe6 32. Qd4+ Qf6 33. f3 Qxd4 34. Rxd4 Kf6 35. g4 hxg4 36. fxg4 Ke5 37. Kf3 Rf6+ 38. Kg3 Rf1 39. Rd2 Rg1+ 40. Kf3 Rh1 41. Re2+ Kd6 42. Kg3 Rg1+ 43. Kf4 f6 44. Rh2 Rf1+ 45. Ke3 Rg1 46. h5 Rxg4 47. h6 Re4+ 48. Kf3 Re8 49. Rg2 Rg8 50. h7 Rh8 51. Rxg6 Rxh7 52. Rxf6+ Kc5 53. Rxa6 Rh2 54. b4+ Kc4 55. Rc6+ Kd3 56. Rc5 Rxa2 57. Kf4 d4 58. cxd4 Kxd4 59. Rxb5 Kc4 60. Rb8 Rb2 61. b5 Rxb5 62. Rxb5 Kxb5 1/2-1/2


[Site "https://www.chess.com"]